TOP OF THE 1ST |
Rome Braves batting - Pitching for Salem-Keizer Volcanoes : RHP Wally Dethridge
|
Pitching: RHP Wally Dethridge
|
|
Batting: RHB Nate Taylor
|
0-0: Ball 1-0: SINGLE (Groundball, 4, EV 101.2 MPH)
|
Batting: RHB Chris Trites
|
0-0: Ball Nate Taylor is caught stealing 2nd base 2-4 1-0: Ball 2-0: Foul Ball, location: 2F 2-1: Called Strike 2-2: Ball 3-2: Strikes out looking
|
Batting: LHB Ricardo Sandoval
|
0-0: Ball 1-0: Foul Ball, location: 2F 1-1: Called Strike 1-2: Ball 2-2: Strikes out swinging
|
Top of the 1st over - 0 runs, 1 hit, 0 errors, 0 left on base; Rome 0 - Salem-Keizer 0 |
BOTTOM OF THE 1ST |
Salem-Keizer Volcanoes batting - Pitching for Rome Braves : LHP Jake Warwick
|
Pitching: LHP Jake Warwick
|
|
Batting: RHB Soichi Kaneshiro
|
0-0: Foul Ball, location: 2F 0-1: Called Strike 0-2: Ball 1-2: Strikes out swinging
|
Batting: SHB Michael Woodard
|
0-0: Ball 1-0: Ground out 6-3 (Groundball, 6, EV 95.0 MPH)
|
Batting: LHB Kuan Hsia
|
0-0: Called Strike 0-1: Foul Ball, location: 2F 0-2: Strikes out looking
|
Bottom of the 1st over - 0 runs, 0 hits, 0 errors, 0 left on base; Rome 0 - Salem-Keizer 0 |
TOP OF THE 2ND |
Rome Braves batting - Pitching for Salem-Keizer Volcanoes : RHP Wally Dethridge
|
Batting: LHB Tamaichi Sasada
|
0-0: Ball 1-0: Foul Ball, location: 2F 1-1: Ball 2-1: Foul Ball, location: 2F 2-2: Ball 3-2: Base on Balls
|
Batting: RHB Justin Reich
|
0-0: SINGLE (Groundball, 56D, EV 95.0 MPH) Tamaichi Sasada to second
|
Batting: SHB Karl Starnes
|
0-0: Ground out U3 (Groundball, 3S, EV 61.2 MPH) Tamaichi Sasada to third Justin Reich to second
|
Batting: RHB Rafael Reyes
|
0-0: Ball 1-0: Swinging Strike 1-1: Ball 2-1: Fly out, F9 (Flyball, 9, EV 92.5 MPH)
|
Batting: RHB Costantino Dolfini
|
0-0: Ball 1-0: Ball 2-0: Ball 3-0: Base on Balls
|
Batting: LHB Andres Aldape
|
0-0: Fielders Choice at 2nd, U6 (Groundball, 6M, EV 89.4 MPH)
|
Top of the 2nd over - 0 runs, 1 hit, 0 errors, 3 left on base; Rome 0 - Salem-Keizer 0 |
BOTTOM OF THE 2ND |
Salem-Keizer Volcanoes batting - Pitching for Rome Braves : LHP Jake Warwick
|
Batting: LHB Adrian Navarro
|
0-0: Hit by Pitch
|
Batting: RHB Ricky Aguilar
|
0-0: Called Strike 0-1: Foul Ball, location: 2F 0-2: Strikes out swinging
|
Batting: RHB Glen Limeburner
|
0-0: Foul Ball, location: 2F 0-1: Foul Ball, location: 2F 0-2: Strikes out looking
|
Batting: RHB Eddie Ramirez
|
0-0: Fielders Choice at 2nd, U4 (Groundball, 4M, EV 83.8 MPH)
|
Bottom of the 2nd over - 0 runs, 0 hits, 0 errors, 1 left on base; Rome 0 - Salem-Keizer 0 |
TOP OF THE 3RD |
Rome Braves batting - Pitching for Salem-Keizer Volcanoes : RHP Wally Dethridge
|
Batting: RHB Nate Taylor
|
0-0: Called Strike 0-1: Ball 1-1: Fly out, F4 (Popup, 13S, EV 88.8 MPH)
|
Batting: RHB Chris Trites
|
0-0: Ball 1-0: Bunted foul 1-1: Swinging Strike 1-2: Strikes out swinging
|
Batting: LHB Ricardo Sandoval
|
0-0: Ball 1-0: Fly out, F8 (Line Drive, 78D, EV 85.0 MPH)
|
Top of the 3rd over - 0 runs, 0 hits, 0 errors, 0 left on base; Rome 0 - Salem-Keizer 0 |
BOTTOM OF THE 3RD |
Salem-Keizer Volcanoes batting - Pitching for Rome Braves : LHP Jake Warwick
|
Batting: RHB Kevin Spencer
|
0-0: Called Strike 0-1: Ball 1-1: Foul Ball, location: 2F 1-2: Ball 2-2: Strikes out swinging
|
Batting: SHB Justin Tidwell
|
0-0: Ball 1-0: Ball 2-0: Foul Ball, location: 2F 2-1: Called Strike 2-2: Foul Ball, location: 2F 2-2: Strikes out swinging
|
Batting: RHB Soichi Kaneshiro
|
0-0: Called Strike 0-1: Called Strike 0-2: Strikes out swinging
|
Bottom of the 3rd over - 0 runs, 0 hits, 0 errors, 0 left on base; Rome 0 - Salem-Keizer 0 |
TOP OF THE 4TH |
Rome Braves batting - Pitching for Salem-Keizer Volcanoes : RHP Wally Dethridge
|
Batting: LHB Tamaichi Sasada
|
0-0: Ground out 4-3 (Groundball, 4, EV 88.1 MPH)
|
Batting: RHB Justin Reich
|
0-0: Foul Ball, location: 2F 0-1: Ball 1-1: Ground out 5-3 (Groundball, 56, EV 111.9 MPH)
|
Batting: SHB Karl Starnes
|
0-0: Ball 1-0: Ball 2-0: Called Strike 2-1: Ball 3-1: DOUBLE (Line Drive, 7LD, EV 101.9 MPH)
|
Batting: RHB Rafael Reyes
|
0-0: Called Strike 0-1: Ball Passed Ball! Karl Starnes to third 1-1: Called Strike 1-2: Ball Wild Pitch! Karl Starnes scores 2-2: Ball 3-2: Foul Ball, location: 2F 3-2: Base on Balls
|
Batting: RHB Costantino Dolfini
|
0-0: Called Strike 0-1: Ball Rafael Reyes is caught stealing 2nd base 2-4
|
Top of the 4th over - 1 run, 1 hit, 0 errors, 0 left on base; Rome 1 - Salem-Keizer 0 |
BOTTOM OF THE 4TH |
Salem-Keizer Volcanoes batting - Pitching for Rome Braves : LHP Jake Warwick
|
Batting: SHB Michael Woodard
|
0-0: Called Strike 0-1: Ground out 3-1 (Groundball, 34, EV 82.5 MPH)
|
Batting: LHB Kuan Hsia
|
0-0: Ball 1-0: SINGLE (Flyball, 4D, EV 88.8 MPH)
|
Batting: LHB Adrian Navarro
|
0-0: Ball 1-0: Ball 2-0: Foul Ball, location: 2F 2-1: Foul Ball, location: 2F 2-2: Ball 3-2: Strikes out swinging
|
Batting: RHB Ricky Aguilar
|
0-0: Ball 1-0: Ball 2-0: Ball 3-0: Called Strike 3-1: Base on Balls Kuan Hsia to second
|
Batting: RHB Glen Limeburner
|
0-0: Called Strike 0-1: Called Strike 0-2: Foul Ball, location: 2F 0-2: Strikes out swinging
|
Bottom of the 4th over - 0 runs, 1 hit, 0 errors, 2 left on base; Rome 1 - Salem-Keizer 0 |
TOP OF THE 5TH |
Rome Braves batting - Pitching for Salem-Keizer Volcanoes : RHP Wally Dethridge
|
Batting: RHB Costantino Dolfini
|
0-0: Ball 1-0: SINGLE (Groundball, 56D, EV 94.4 MPH)
|
Batting: LHB Andres Aldape
|
0-0: Ball 1-0: Ball Wild Pitch! Costantino Dolfini to second 2-0: Ground out U3 (Groundball, 34, EV 106.2 MPH) Costantino Dolfini to third
|
Batting: RHB Nate Taylor
|
0-0: Ball Passed Ball! Costantino Dolfini scores 1-0: Called Strike 1-1: Foul Ball, location: 2F 1-2: Strikes out swinging
|
Batting: RHB Chris Trites
|
0-0: Called Strike 0-1: Ball 1-1: Ball 2-1: Called Strike 2-2: SINGLE (Line Drive, 3D, EV 101.9 MPH)
|
Batting: LHB Ricardo Sandoval
|
0-0: Called Strike Chris Trites steals 2nd, throwing error, E2 Chris Trites to third 0-1: Ball 1-1: Ball Passed Ball! Chris Trites scores 2-1: Fly out, F2 (Popup, 2LF, EV 91.2 MPH)
|
Top of the 5th over - 2 runs, 2 hits, 1 error, 0 left on base; Rome 3 - Salem-Keizer 0 |
BOTTOM OF THE 5TH |
Salem-Keizer Volcanoes batting - Pitching for Rome Braves : LHP Jake Warwick
|
Batting: RHB Eddie Ramirez
|
0-0: Called Strike 0-1: SINGLE (Groundball, 4MD, EV 105.6 MPH)
|
Batting: RHB Kevin Spencer
|
0-0: Foul Ball, location: 2F 0-1: Ball Wild Pitch! Eddie Ramirez to second 1-1: Called Strike 1-2: Strikes out swinging
|
Batting: SHB Justin Tidwell
|
0-0: Called Strike 0-1: Called Strike 0-2: Ball 1-2: Foul Ball, location: 2F 1-2: Strikes out swinging
|
Batting: RHB Soichi Kaneshiro
|
0-0: Called Strike 0-1: Foul Ball, location: 2F 0-2: Strikes out looking
|
Bottom of the 5th over - 0 runs, 1 hit, 0 errors, 1 left on base; Rome 3 - Salem-Keizer 0 |
TOP OF THE 6TH |
Rome Braves batting - Pitching for Salem-Keizer Volcanoes : RHP Wally Dethridge
|
Batting: LHB Tamaichi Sasada
|
0-0: TRIPLE (Flyball, 78XD, EV 109.4 MPH)
|
Batting: RHB Justin Reich
|
0-0: Foul Ball, location: 2F 0-1: Ball 1-1: Ball 2-1: Ball 3-1: Foul Ball, location: 2F 3-2: Base on Balls
|
Pitching: RHP Edward Jones
|
|
Batting: SHB Karl Starnes
|
0-0: Foul Ball, location: 2F 0-1: Foul Ball, location: 2F 0-2: Ball 1-2: 3-RUN HOME RUN (Flyball, 89XD, EV 106.9 MPH), Distance : 430 ft
|
Batting: RHB Rafael Reyes
|
0-0: Ball 1-0: Ball 2-0: Ball 3-0: Base on Balls
|
Batting: RHB Costantino Dolfini
|
0-0: Ball Passed Ball! Rafael Reyes to second 1-0: Called Strike 1-1: Swinging Strike Passed Ball! Rafael Reyes to third 1-2: Ball 2-2: Ground out 4-3 (Groundball, 4, EV 109.4 MPH) Rafael Reyes scores
|
Batting: LHB Andres Aldape
|
0-0: Called Strike 0-1: Ball 1-1: Ball 2-1: Foul Ball, location: 2F 2-2: Strikes out swinging
|
Pitching: RHP James Jenkins
|
|
Batting: RHB Nate Taylor
|
0-0: Fly out, F7 (Flyball, 78M, EV 79.4 MPH)
|
Top of the 6th over - 4 runs, 2 hits, 0 errors, 0 left on base; Rome 7 - Salem-Keizer 0 |
BOTTOM OF THE 6TH |
Salem-Keizer Volcanoes batting - Pitching for Rome Braves : LHP Jake Warwick
|
Batting: SHB Michael Woodard
|
0-0: Foul Ball, location: 2F 0-1: Ball 1-1: Ball 2-1: Ball 3-1: Called Strike 3-2: Foul Ball, location: 2F 3-2: Foul Ball, location: 2F 3-2: Base on Balls
|
Batting: LHB Kuan Hsia
|
0-0: Foul Ball, location: 2F 0-1: Foul Ball, location: 2F 0-2: Ball 1-2: Ball Pickoff Throw by Catcher to First - Out! 2-2: Foul Ball, location: 2F 2-2: Foul Ball, location: 2F 2-2: Strikes out swinging
|
Batting: LHB Adrian Navarro
|
0-0: Ball 1-0: Ball 2-0: Fly out, F8 (Flyball, 8LD, EV 102.5 MPH)
|
Bottom of the 6th over - 0 runs, 0 hits, 0 errors, 0 left on base; Rome 7 - Salem-Keizer 0 |
TOP OF THE 7TH |
Rome Braves batting - Pitching for Salem-Keizer Volcanoes : RHP James Jenkins
|
Batting: RHB Chris Trites
|
0-0: Ground out 4-3 (Groundball, 4MD, EV 80.0 MPH)
|
Batting: LHB Ricardo Sandoval
|
0-0: Ball 1-0: Ball 2-0: SINGLE (Groundball, 34D, EV 109.4 MPH)
|
Batting: LHB Tamaichi Sasada
|
0-0: Called Strike Ricardo Sandoval steals 2nd base 0-1: 2-RUN HOME RUN (Flyball, 7D, EV 102.5 MPH), Distance : 393 ft
|
Batting: RHB Justin Reich
|
0-0: Ball 1-0: Swinging Strike 1-1: Called Strike 1-2: Foul Ball, location: 2F 1-2: Strikes out swinging, 2-3 out at first.
|
Batting: SHB Karl Starnes
|
0-0: SOLO HOME RUN (Flyball, 89XD, EV 105.6 MPH), Distance : 410 ft
|
Batting: RHB Rafael Reyes
|
0-0: Ball 1-0: Ball 2-0: Called Strike 2-1: Ball 3-1: Base on Balls
|
Pitching: RHP Danny Estrada
|
|
Batting: RHB Costantino Dolfini
|
0-0: Fielders Choice at 2nd, 6-4 (Groundball, 6, EV 105.6 MPH)
|
Top of the 7th over - 3 runs, 3 hits, 0 errors, 1 left on base; Rome 10 - Salem-Keizer 0 |
BOTTOM OF THE 7TH |
Salem-Keizer Volcanoes batting - Pitching for Rome Braves : LHP Jake Warwick
|
Batting: RHB Ricky Aguilar
|
0-0: Ball 1-0: Ball 2-0: Called Strike 2-1: DOUBLE (Line Drive, 89D, EV 105.6 MPH)
|
Batting: RHB Glen Limeburner
|
0-0: Swinging Strike 0-1: Called Strike 0-2: Ball Wild Pitch! Ricky Aguilar to third 1-2: Foul Ball, location: 2F 1-2: Strikes out swinging
|
Batting: RHB Eddie Ramirez
|
0-0: Ball 1-0: Swinging Strike 1-1: Foul Ball, location: 2F 1-2: Foul Ball, location: 2F 1-2: Ball 2-2: Ball 3-2: Base on Balls
|
Batting: RHB Kevin Spencer
|
0-0: Bunt missed! 0-1: Bunt missed! 0-2: Strikes out looking
|
Batting: SHB Justin Tidwell
|
0-0: Called Strike 0-1: Swinging Strike 0-2: Foul Ball, location: 2F 0-2: Strikes out looking
|
Bottom of the 7th over - 0 runs, 1 hit, 0 errors, 2 left on base; Rome 10 - Salem-Keizer 0 |
TOP OF THE 8TH |
Rome Braves batting - Pitching for Salem-Keizer Volcanoes : RHP Danny Estrada
|
Batting: LHB Andres Aldape
|
0-0: Called Strike 0-1: Called Strike 0-2: Ball 1-2: Ball 2-2: SOLO HOME RUN (Flyball, 89XD, EV 104.4 MPH), Distance : 419 ft
|
Batting: RHB Nate Taylor
|
0-0: Ball 1-0: Fly out, F8 (Line Drive, 8LD, EV 91.9 MPH)
|
Batting: RHB Chris Trites
|
0-0: Called Strike 0-1: SINGLE (Groundball, 6MD, EV 106.2 MPH)
|
Batting: LHB Ricardo Sandoval
|
0-0: Ball 1-0: Ball Passed Ball! Chris Trites to second 2-0: Ball 3-0: Called Strike 3-1: Base on Balls
|
Batting: LHB Tamaichi Sasada
|
0-0: Ball Passed Ball! Chris Trites to third Ricardo Sandoval to second 1-0: Called Strike 1-1: DOUBLE (Groundball, 3L, EV 105.6 MPH) Chris Trites scores Ricardo Sandoval scores
|
Pitching: RHP Carlos Solis
|
|
Batting: RHB Justin Reich
|
0-0: Ball 1-0: Ball 2-0: Ball 3-0: Called Strike 3-1: Foul Ball, location: 2F 3-2: Foul Ball, location: 2F 3-2: Strikes out looking
|
Batting: SHB Karl Starnes
|
0-0: Foul Ball, location: 2F 0-1: Ball Wild Pitch! Tamaichi Sasada to third 1-1: Called Strike 1-2: Foul Ball, location: 2F 1-2: Strikes out looking
|
Top of the 8th over - 3 runs, 3 hits, 0 errors, 1 left on base; Rome 13 - Salem-Keizer 0 |
BOTTOM OF THE 8TH |
Salem-Keizer Volcanoes batting - Pitching for Rome Braves : LHP Jake Warwick
|
Pitching: RHP Andy Britton
|
|
Batting: RHB Soichi Kaneshiro
|
0-0: SINGLE (Line Drive, 6D, EV 99.4 MPH)
|
Batting: SHB Michael Woodard
|
0-0: Called Strike 0-1: Ball 1-1: Swinging Strike 1-2: Strikes out swinging
|
Batting: LHB Kuan Hsia
|
0-0: Ball 1-0: Ball 2-0: Called Strike 2-1: Called Strike 2-2: Foul Ball, location: 2F 2-2: Foul Ball, location: 2F 2-2: Strikes out looking
|
Batting: LHB Adrian Navarro
|
0-0: Ball 1-0: Foul Ball, location: 2F 1-1: Ball 2-1: Ball 3-1: Base on Balls Soichi Kaneshiro to second
|
Batting: RHB Ricky Aguilar
|
0-0: Ground out 4-3 (Groundball, 4, EV 87.5 MPH)
|
Bottom of the 8th over - 0 runs, 1 hit, 0 errors, 2 left on base; Rome 13 - Salem-Keizer 0 |
TOP OF THE 9TH |
Rome Braves batting - Pitching for Salem-Keizer Volcanoes : RHP Carlos Solis
|
Batting: RHB Rafael Reyes
|
0-0: Ball 1-0: Foul Ball, location: 2F 1-1: Swinging Strike 1-2: Foul Ball, location: 2F 1-2: Ball 2-2: Ball 3-2: Foul Ball, location: 2F 3-2: Base on Balls
|
Pitching: LHP Ken Cromsie
|
|
Batting: RHB Costantino Dolfini
|
0-0: Called Strike 0-1: Swinging Strike 0-2: Ball Passed Ball! Rafael Reyes to second 1-2: Ball 2-2: Ball Wild Pitch! Rafael Reyes to third 3-2: Foul Ball, location: 2F 3-2: Foul Ball, location: 2F 3-2: Foul Ball, location: 2F 3-2: Foul Ball, location: 2F 3-2: Strikes out swinging
|
Batting: LHB Andres Aldape
|
0-0: Ball 1-0: Called Strike 1-1: Ball Passed Ball! Rafael Reyes scores 2-1: Ball 3-1: Base on Balls
|
Batting: RHB Nate Taylor
|
0-0: Ball 1-0: Foul Ball, location: 2F 1-1: Ball 2-1: Ball Passed Ball! Andres Aldape to second 3-1: 2-RUN HOME RUN (Flyball, 7LD, EV 96.9 MPH), Distance : 368 ft
|
Batting: RHB Chris Trites
|
0-0: Ground out 5-3 (Groundball, 56, EV 100.6 MPH)
|
Batting: LHB Ricardo Sandoval
|
0-0: Ball 1-0: Foul Ball, location: 2F 1-1: Ball 2-1: Ball 3-1: Called Strike 3-2: Foul Ball, location: 2F 3-2: Foul Ball, location: 2F 3-2: Base on Balls
|
Pinch Hitting: RHB Gerard Michel
|
Balk! Ricardo Sandoval to second 0-0: Ball 1-0: Foul Ball, location: 2F 1-1: Fly out, F9 (Flyball, 9D, EV 87.5 MPH)
|
Top of the 9th over - 3 runs, 1 hit, 0 errors, 1 left on base; Rome 16 - Salem-Keizer 0 |
BOTTOM OF THE 9TH |
Salem-Keizer Volcanoes batting - Pitching for Rome Braves : RHP Andy Britton
|
Now at 1B: Karl Starnes
|
|
Now at 3B: Gerard Michel
|
|
Batting: RHB Glen Limeburner
|
0-0: Ball 1-0: Swinging Strike 1-1: Ball 2-1: Ball 3-1: Base on Balls
|
Batting: RHB Eddie Ramirez
|
0-0: Fielders Choice at 2nd, 4-6 (Groundball, 4, EV 81.2 MPH)
|
Batting: RHB Kevin Spencer
|
0-0: Foul Ball, location: 2F 0-1: Ball 1-1: Ball 2-1: Foul Ball, location: 2F 2-2: Ball 3-2: Strikes out swinging
|
Batting: SHB Justin Tidwell
|
0-0: Foul Ball, location: 2F 0-1: Foul Ball, location: 2F 0-2: Strikes out looking
|
Bottom of the 9th over - 0 runs, 0 hits, 0 errors, 1 left on base; Rome 16 - Salem-Keizer 0 |
|